 Dungeon Crawl Stone Soup version 0.14.1 (webtiles) character file.

379 Heini the Skirmisher (level 6, -5/56 HPs)
             Began as a Hill Orc Fighter on Apr 30, 2014.
             Slain by a guardian mummy (24 damage)
             ... in an ossuary.
             The game lasted 00:08:50 (3140 turns).

Heini the Skirmisher (Hill Orc Fighter)             Turns: 3140, Time: 00:08:50

HP  -5/56        AC  9     Str 26      XL: 6   Next:  4%
MP   6/6         EV  7     Int  8      God:
Gold 146         SH 19     Dex 10      Spells:  0 memorised,  5 levels left

rFire  . . .     SeeInvis .     D - +1,+2 war axe (drain)
rCold  . . .     Clarity  .     b - +0 scale mail
rNeg   . . .     Conserve .     c - +0 shield (curse)
rPois  .         rCorr    .     (no helmet)
rElec  .         rRot     .     m - +0 cloak
SustAb . .       Spirit   .     (no gloves)
rMut   .         Warding  .     o - +0 pair of boots
Gourm  +         Stasis   .     x - amulet of the gourmand
MR     .....                    (no ring)
                                (no ring)

@: mighty, not resistant to hostile enchantments, extremely unstealthy
A: saprovore 1
a: no special abilities


You were in an ossuary.
You were not hungry.

You visited 1 branch of the dungeon, and saw 4 of its levels.
You also visited: Ossuary.

You collected 146 gold pieces.

Inventory:

Hand weapons
 a - a +0,+0 war axe
 D - a +1,+2 war axe of draining (weapon)
Missiles
 u - 24 stones (quivered)
Armour
 b - a +0 scale mail (worn)
 c - a cursed +0 shield (worn)
 m - a +0 cloak (worn)
 o - a +0 pair of boots (worn)
Magical devices
 C - a wand of paralysis (21) {unknown}
Comestibles
 d - 3 meat rations
 E - a bread ration
Scrolls
 f - 2 scrolls of enchant weapon II
 g - a scroll of enchant weapon I {unknown}
 i - 2 scrolls of enchant armour {unknown}
 k - 2 scrolls of identify
 n - a scroll of teleportation
 q - a scroll of immolation
 r - a scroll of remove curse
 s - a scroll of fog
 w - a scroll of magic mapping
 y - a scroll of blinking {unknown}
Jewellery
 x - an amulet of the gourmand (around neck)
Potions
 e - a potion of might
 h - 5 potions of curing
 j - a potion of agility
 l - a potion of magic
 p - a potion of heal wounds {unknown}
 t - a potion of confusion
 v - a potion of poison
 z - a potion of lignification {unknown}


   Skills:
 * Level 5.4 Fighting
 * Level 5.0 Axes
 * Level 4.9 Armour
 - Level 3.2 Shields


You had 5 spell levels left.
You didn't know any spells.

Dungeon Overview and Level Annotations

Branches:
Dungeon (4/15)
 Temple: D:4-7

Altars:


Innate Abilities, Weirdness & Mutations

You can tolerate rotten meat.


Message History

The guardian mummy is heavily damaged.
The guardian mummy hits you but does no damage.
Your shield prevents you from hitting the guardian mummy.
The guardian mummy is heavily damaged.
The guardian mummy hits you.
You slash the guardian mummy!
The guardian mummy is severely damaged.
The guardian mummy hits you.
You hit the guardian mummy.
The guardian mummy is almost destroyed.
The guardian mummy hits you!
Drink which item? (? for menu, Esc to quit)
Okay, then.
Your shield and scale mail prevent you from hitting the guardian mummy.
The guardian mummy is almost destroyed.
The guardian mummy hits you but does no damage.
You closely miss the guardian mummy.
The guardian mummy is almost destroyed.
The guardian mummy hits you!
You die...

..#####.. .##.?.##.
##!.!!.## .. . !?.!.!!
. ... ... !...! ...
....##... ?.. ...#
#.....##...##M##...#
#......##....@....#
#.......#####'#####..
#.∩...................
#....................
############'''######
####...####
#..'...'..#
#..#...#..#
####...####


You could see a guardian mummy.

Vanquished Creatures
  A phantom (D:4)
  An orc wizard (D:3)
  A hound skeleton (D:4)
  A mummy (Ossuary)
  2 adders
  A worm (D:2)
  4 giant geckos
  5 orcs (D:3)
  2 giant cockroaches
  2 gnoll skeletons (Ossuary)
  5 goblins
  4 hobgoblins
  7 jackals
  4 quokkas
  8 bats
  4 giant newts
  A hobgoblin skeleton (D:4)
  4 kobolds
  3 kobold skeletons (Ossuary)
  8 orc skeletons (Ossuary)
  7 rats
75 creatures vanquished.

Notes
Turn   | Place    | Note
--------------------------------------------------------------
     0 | D:1      | Heini, the Hill Orc Fighter, began the quest for the Orb.
     0 | D:1      | Reached XP level 1. HP: 19/19 MP: 1/1
   126 | D:1      | Reached skill level 4 in Fighting
   126 | D:1      | Reached XP level 2. HP: 27/27 MP: 2/2
   859 | D:2      | Reached XP level 3. HP: 34/34 MP: 3/3
  1736 | D:3      | Reached XP level 4. HP: 33/41 MP: 4/4
  1952 | D:3      | Reached skill level 5 in Fighting
  2767 | D:4      | Reached XP level 5. HP: 48/48 MP: 5/5
  2798 | D:4      | Noticed a phantom
  2831 | D:4      | Killed a phantom
  2910 | D:4      | Found a sand-covered staircase.
  2916 | Ossuary  | Entered an ossuary
  2916 | Ossuary  | Noticed a guardian mummy
  2916 | Ossuary  | Noticed a guardian mummy
  2916 | Ossuary  | Noticed a guardian mummy
  3056 | Ossuary  | Reached skill level 5 in Axes
  3056 | Ossuary  | Reached XP level 6. HP: 51/56 MP: 6/6
  3130 | Ossuary  | Noticed a guardian mummy
  3140 | Ossuary  | Slain by a guardian mummy

Action                   |  1- 3 |  4- 6 || total
-------------------------+-------+-------++-------
Melee: War axe           |   149 |   153 ||   302
  Use: Potion            |       |     2 ||     2
       Scroll            |       |    13 ||    13
